AoeStats
← flynorc

Hideout

507158598Analyzed
1v1 RM · 15d ago on Sep 16, 2026· 42m 50s· 2 players
Game mode
Random Map
Map size
Tiny (2 player)
Population
200
Speed
Normal
Resources
Standard
Victory
Conquest
Starting age
Dark Age
Ending age
Imperial Age
RankedLock teamsTeams togetherTeam positionsShared explorationLock speedFull tech treeHidden civsTurbo modeCheats
Victory
Defeat
🇦🇹 Spanish · Austria
1534
+18
🇻🇪 Mongols · Venezuela
1578
-18
flynorc
5:05 Loom
10:39 Feudal Age
14:40 Castle Age
13:06 Double-Bit Axe
13:32 Horse Collar
15:53 Bow Saw
21:05 Wheelbarrow
22:27 Heavy Plow
23:04 Gold Mining
23:06 Stone Mining
26:17 Hand Cart
29:38 Imperial Age
27:44 Inquisition
28:12 Fletching
28:23 Scale Mail Armor
28:34 Forging
29:08 Bodkin Arrow
30:11 Masonry
30:22 Ballistics
30:23 Chain Mail Armor
30:59 Iron Casting
31:08 Supremacy
30:25 Sappers
31:15 Conscription
32:33 Two-Man Saw
31:35 Bracer
31:44 Padded Archer Armor
32:49 Chemistry
31:52 Elite Skirmisher
32:07 Capped Ram
33:31 Scale Barding Armor
34:27 Blast Furnace
34:48 Thumb Ring
35:53 Hoardings
34:43 Cavalier
35:34 Bloodlines
35:24 Husbandry
36:06 Leather Archer Armor
39:01 Chain Barding Armor
39:12 Ring Archer Armor
38:40 Paladin
42:04 Siege Ram
Ulfrid Storm
9:32 Feudal Age
13:44 Castle Age
11:38 Double-Bit Axe
15:29 Bow Saw
21:13 Wheelbarrow
20:27 Loom
20:50 Horse Collar
23:14 Hand Cart
29:12 Imperial Age
26:44 Fletching
27:45 Gold Mining
28:01 Bodkin Arrow
28:50 Ballistics
31:01 Chemistry
30:22 Bloodlines
30:13 Husbandry
30:49 Town Watch
31:05 Heavy Plow
32:01 Conscription
32:10 Conscription
32:24 Parthian Tactics
32:07 Bracer
32:46 Padded Archer Armor
33:08 Thumb Ring
35:41 Hoardings
35:52 Heavy Cavalry Archer
37:49 Elite Skirmisher
38:19 Light Cavalry
39:31 Hussar
40:22 Guard Tower
40:28 Murder Holes
42:25 Forging
Connection lost

Rejoining the realm…

Still unreachable

The connection could not be restored.

Session expired

The server has moved on; the page needs a fresh start.